 Dungeon Crawl Stone Soup version 0.32-a0-834-geaf45d8e21 (webtiles) character file.

Game seed: 2203767039242963869

332 croobank the Sneak (level 6, 0/34 HPs)
             Began as a Felid Delver on Mar 25, 2024.
             Engulfed by a steam dragon's steam (6 damage)
             ... on level 6 of the Dungeon.
             The game lasted 00:16:02 (3988 turns).

croobank the Sneak (Felid Delver)                   Turns: 3988, Time: 00:16:03

Health: 0/34       AC:  2    Str:  8    XL:     6   Next: 26%
Magic:  8/8        EV: 18    Int: 16    God:
Gold:   85         SH:  0    Dex: 17    Spells: 3/6 levels left
                                        Lives:  0   Deaths: 2

rFire   . .          .
                       - Unarmed
rCold   . . .        (shield unavailable)
rNeg    . . .        (body armour unavailable)
rPois   .            (helmet unavailable)
rElec   .            (cloak unavailable)
rCorr   .            (gloves unavailable)
SInv    +            (boots unavailable)
Will    .....        (no amulet)
Stlth   ++++         (no ring)
HPRegen 0.25/turn    (no ring)
MPRegen 0.11/turn

%: no passive effects
@: no status effects
A: very small, claws 1, fangs 3, see invisible, shaggy fur 2, stealthy paws, no
weapons or thrown items, no armour, multi-lived
a: no special abilities


You were on level 6 of the Dungeon.
You visited 1 branch of the dungeon, and saw 6 of its levels.

You collected 157 gold pieces.
You spent 72 gold pieces at shops.

Inventory:

Wands
 e - a wand of digging (3)
 h - a wand of polymorph (9)
 j - a wand of flame (5)
Scrolls
 a - a scroll of silence
 b - 4 scrolls of revelation
 m - 4 scrolls of teleportation
 q - a scroll of poison
Potions
 c - 2 potions of attraction
 d - a potion of haste
 f - a potion of heal wounds
 g - 2 potions of lignification
 i - a potion of might
 l - 2 potions of enlightenment
 n - a potion of resistance
 o - a potion of curing
 p - a potion of brilliance
 r - a potion of cancellation {unknown}


   Skills:
 + Level 4.3 Fighting
 + Level 4.8 Dodging
 + Level 7.9 Stealth
 + Level 3.5 Unarmed Combat
 * Level 0.9 Spellcasting
 * Level 1.3 Hexes


You had 3 spell levels left.
You knew the following spells:

 Your Spells              Type           Power      Damage    Failure   Level
a - Confusing Touch       Hex            5%         N/A       36%         3

Your spell library contained the following spells:

 Spells                   Type           Power      Damage    Failure   Level
 Freeze                   Ice            0%         1d3       24%         1
 Kiss of Death            Conj/Necr      0%         2d5       24%         1
 Necrotise                Necr           0%         1d4       24%         1
 Tukima's Dance           Hex            5%         N/A       36%         3
 Frozen Ramparts          Ice            0%         1d1       56%         3
 Hailstorm                Conj/Ice       0%         3d5       56%         3
 Vampiric Draining        Necr           0%         2d6       56%         3
 Brom's Barrelling Bould  Conj/Erth      0%         2d3       93%         4
 Dispel Undead            Necr           0%         3d6       93%         4
 Iskenderun's Mystic Bla  Conj/Tloc      0%         2d3       93%         4
 Martyr's Knell           Necr/Summ      0%         N/A       93%         4
 Curse of Agony           Necr           0%         N/A       100%        5
 Fireball                 Conj/Fire      0%         3d3       100%        5
 Iskenderun's Battlesphe  Conj           0%         2d6       100%        5
 Conjure Ball Lightning   Conj/Air       0%         3x3d6     100%        6
 Orb of Destruction       Conj           0%         9d5       100%        7
 Chain Lightning          Conj/Air       0%         N/A       100%        9
 Fire Storm               Conj/Fire      0%         5d1       100%        9
 Shatter                  Erth           0%         3d5*      100%        9
 Dimensional Bullseye     Hex/Tloc       Unusable   N/A       N/A         4

Dungeon Overview and Level Annotations

Branches:
Dungeon (6/15)
 Temple: D:4-7

Altars:
Ashenzari
Hepliaklqana

Shops:
D:2 ?

Annotations:
D:2 Terence
D:3 !Sigmund, Sigmund
D:4 1 runed translucent door, Crazy Yiuf


Innate Abilities, Weirdness & Mutations

You have sharp claws.
You have razor-sharp teeth.
You have supernaturally acute eyesight. (SInv)
You are covered in thick fur. (AC +2)
Your paws help you pounce on unaware monsters.
You are incapable of wielding weapons or throwing items.
You cannot wear armour.
You gain extra lives every three experience levels.


Message History

Aim: a steam dragon (not watching you) Attack!
The orc barely misses your orc. The steam dragon breathes steam at you.
The ball of steam hits your orc!
Your orc dies!
The ball of steam misses you.
Your orc hits the orc with a +0 club.
You swap places.
The orc barely misses you.
Your orc is engulfed in a cloud of scalding steam.
Your orc dies!
Aiming: Charm
Press: ? - help, Shift-Dir - straight line, f/p - steam dragon
Aim: a steam dragon (chance to affect: 49%)
The orc struggles to resist.
You are engulfed in a cloud of scalding steam.
* * * LOW HITPOINT WARNING * * *
The orc is engulfed in a cloud of scalding steam.
The orc dies!
The orc is engulfed in a cloud of scalding steam.
The orc dies!
Aiming: Charm
Press: ? - help, Shift-Dir - straight line, f/p - steam dragon
Aim: a steam dragon (steam, chance to affect: 49%)
The steam dragon is charmed.
The now-empty wand crumbles to dust.
You are engulfed in a cloud of scalding steam.
* * * LOW HITPOINT WARNING * * *
A phantom comes into view.
Things that are here:
a +0 club; an orc corpse What are your orders? t - Meow!
Orders for allies: a - Attack new target. p - Attack previous target. r - Retreat! s - Stop attacking. g - Guard the area. f - Follow me.
Anything else - Cancel.
Gang up on whom?
Press: ? - help, Dir - move target, f - phantom, p - steam dragon
Aim: a phantom Attack!
You are engulfed in a cloud of scalding steam.
You die...

.........>..# ...
#...#.#.####
?..#...)......###
..##..#)#......
#W#.##.####.###
#...#...<....#
#....#####.#.#
#..####)))..# #
.....§.@D...#
##....§###..#
####_#####.##
##.....###.#
...........#
...######.## ..
#.# ...... .. ...
....#


You could see a phantom (ally target) and a friendly steam dragon (charmed).

Vanquished Creatures
  3 jellies
  An orc priest (D:4)
  An iguana (D:5)
  An orc wizard (D:4)
  5 adders
  A shadow imp (D:5)
  A white imp (D:5)
  2 dart slugs
  3 ribbon worms
  9 orcs
  6 ball pythons
  3 endoplasms
  5 giant cockroaches
  6 goblins
  3 hobgoblins
  2 quokkas
  A bat (D:3)
  4 kobolds
  3 rats
60 creatures vanquished.

Vanquished Creatures (collateral kills)
  2 orcs (D:5)
2 creatures vanquished.

Vanquished Creatures (others)
  An orc wizard (D:6)
  5 orcs (D:6)
6 creatures vanquished.

Grand Total: 68 creatures vanquished

Notes
Turn   | Place    | Note
-------+----------+-------------------------------------------
     0 | D:5      | croobank the Felid Delver began the quest for the Orb.
     0 | D:5      | Reached XP level 1. HP: 12/12 MP: 2/2
    57 | D:6      | Noticed a steam dragon
   151 | D:4      | Reached XP level 2. HP: 16/16 MP: 3/3
   333 | D:2      | Reached skill level 7 in Stealth
   333 | D:2      | Reached XP level 3. HP: 6/20 MP: 4/4
  1110 | D:2      | Noticed Terence
  1434 | D:2      | Found Diucoh's Magic Scroll Shop.
  1442 | D:2      | Bought a scroll of identify for 24 gold pieces
  1442 | D:2      | Bought a scroll of identify for 24 gold pieces
  1442 | D:2      | Bought a scroll of identify for 24 gold pieces
  1777 | D:3      | Identified the +0 helmet of Nasaen {Dex+5}
  1813 | D:3      | Noticed Sigmund
  2280 | D:4      | Reached XP level 4. HP: 6/24 MP: 5/5
  2280 | D:4      | Gained a life (2 lives remaining)
  2378 | D:4      | Found a runed translucent door.
  2379 | D:4      | Noticed Crazy Yiuf
  2456 | D:4      | Killed from afar by an orc priest
  2456 | D:4      | Lost a life (1 life remaining)
  2590 | D:4      | Splashed by a jelly's acid
  2590 | D:4      | Lost a life (0 lives remaining)
  2713 | D:4      | Reached XP level 5. HP: 29/29 MP: 6/6
  3447 | D:5      | Learned a level 3 spell: Confusing Touch
  3725 | D:5      | Found a hazy altar of Hepliaklqana.
  3778 | D:5      | Reached skill level 1 in Hexes
  3778 | D:5      | Gained mutation: You are covered in thick fur. (AC +2)
                  | [Felid growth]
  3778 | D:5      | Reached XP level 6. HP: 33/33 MP: 7/7
  3976 | D:6      | Found a broken altar of Ashenzari.
  3988 | D:6      | Engulfed by a steam dragon's steam

Illustrated notes

Levels and vault maps discovered:
D:1:      grunt_arrival_lava_bath, layout_basic
D:2:      layout_loops_cross, serial_shops, shop, minivault_5, uniq_terence
D:3:      layout_basic, uniq_sigmund, uniq_natasha
D:4:      nicolae_cairo_tiling_large, layout_loops_ring, gup_sewer_entry_glass,
          kennysheep_generic_room_14, uniq_crazy_yiuf_cottage
D:5:      layout_cave_pools, mainiacjoe_overflow_surrounded_room,
          chequers_serial_rivers_marsh, hex_tiny
D:6:      layout_loops_ring, cheibrodos_ashenzari_chains, temple_hall,
          serial_bayou_pond_e, nicolae_shop_self_help

Skill      XL: |  1  2  3  4  5 |
---------------+----------------+-----
Dodging        | 3 4 |  4.8
Stealth        | 7 |  7.9
Unarmed Combat | 3 |  3.5
Fighting       | 4 |  4.3
Hexes          | 1 |  1.3
Spellcasting   | |  0.9

Action                     |  1- 3 |  4- 6 || total
---------------------------+-------+-------++-------
  Melee: Unarmed           |   110 |    92 ||   202
         Bite              |    11 |     9 ||    20
         Punch             |     4 |       ||     4
  Evoke: Wand              |       |    17 ||    17
    Use: Scroll            |    11 |     2 ||    13
         Potion            |       |     2 ||     2
   Stab: Sleeping          |     9 |     8 ||    17
         Distracted        |       |     2 ||     2
         Betrayed ally     |       |     1 ||     1
 Armour: Skin              |    33 |    38 ||    71
  Dodge: Dodged            |    75 |    78 ||   153

Table legend: (Time is in decaauts)
 A = Elapsed time spent in this place.
 B = Non-inter-level travel time spent in this place.
 C = Inter-level travel time spent in this place.
 D = Time resting spent in this place.
 E = Time spent auto-exploring this place.
 F = Levels seen in this place.
 G = Mean time per level.
                   A        B        C        D        E       F      G
               +--------+--------+--------+--------+--------+-----+--------+
         Total |   3979 |   3785 |    194 |    959 |   1836 |   6 |  663.2 |
       Dungeon |   3979 |   3785 |    194 |    959 |   1836 |   6 |  663.2 |
               +--------+--------+--------+--------+--------+-----+--------+

Top non-repeatable levels by time:
     D:4: 1484 daAuts
     D:2: 1000 daAuts
     D:5: 763 daAuts
     D:1: 470 daAuts
     D:3: 173 daAuts
     D:6: 86 daAuts
